 Dungeon Crawl Stone Soup version 0.30-a0-916-g9813417 (webtiles) character file.

Game seed: 15080233292126550458

14 Dorkslayer the Covered (level 2, -2/19 HPs)
             Began as a Gargoyle Fighter on Apr 11, 2023.
             Slain by Terence
             ... wielding a +0 mace
              (5 damage)
             ... on level 2 of the Dungeon.
             The game lasted 00:04:19 (701 turns).

Dorkslayer the Covered (Gargoyle Fighter)            Turns: 701, Time: 00:04:20

Health: -2/19      AC: 10    Str: 19    XL:     2   Next: 45%
Magic:  2/2        EV:  9    Int:  8    God:
Gold:   59         SH:  4    Dex:  9    Spells: 1/1 levels left

rFire   . . .      SeeInvis .    a - +0 war axe
rCold   . . .      Faith    .    c - +0 buckler
rNeg    + . .      Spirit   .    b - +0 scale mail
rPois   ∞          Reflect  .    (no helmet)
rElec   +          Rampage  .    (no cloak)
rCorr   .                        g - +0 pair of gloves
Will    .....                    (no boots) Stlth
                                 (no amulet)
HPRegen 0.23/turn                (no ring)
MPRegen 0.08/turn                (no ring)

@: no status effects
A: sickness immunity, AC +2, negative energy resistance 1, electricity
resistance, torment resistance 1, petrification resistance
a: no special abilities


You were on level 2 of the Dungeon.
You visited 1 branch of the dungeon, and saw 2 of its levels.

You collected 59 gold pieces.

Inventory:

Hand Weapons
 a - a +0 war axe (weapon)
Armour
 b - a +0 scale mail (worn)
 c - a +0 buckler (worn)
 g - a +0 pair of gloves (worn)
Scrolls
 e - a scroll of identify {unknown}
 f - 2 scrolls of teleportation {unknown}
 h - a scroll of fog {unknown}
Potions
 d - a potion of might
 i - a potion of curing {unknown}
 j - a potion of invisibility {unknown}


   Skills:
 + Level 3.5 Fighting
 + Level 2.0 Axes
 + Level 3.5 Armour
 + Level 3.5 Shields


You had one spell level left.
You didn't know any spells.
Your spell library contained the following spells:

 Spells                   Type           Power      Damage    Failure   Level
 Frozen Ramparts          Ice            0%         1d1       99%         3
 Ice Form                 Ice/Tmut       0%         N/A       100%        4
 Summon Ice Beast         Ice/Summ       0%         N/A       100%        4


Dungeon Overview and Level Annotations

Branches:
Dungeon (2/15)

Altars:

Annotations:
D:2 Terence


Innate Abilities, Weirdness & Mutations

You are immune to sickness and miasma.
Your stone body is resilient. (AC +2)
You are immune to poison.
You resist negative energy. (rN+)
You are resistant to electric shocks. (rElec)
You are resistant to unholy torment.
You are immune to petrification.


Message History

Found a stone staircase leading down.
There is a stone staircase leading down here.
There is a stone staircase leading up here.
You now have 59 gold pieces (gained 6).
Terence the Incautious comes into view.
He is wielding a +0 mace.
Terence shouts!
A jackal comes into view.
Found 18 gold pieces.
Terence hits you but does no damage.
You completely miss Terence. You closely miss the jackal.
The jackal bites you but does no damage.
Terence barely misses you. The jackal barely misses you.
You hit Terence.
Terence is moderately wounded.
You barely miss the jackal.
The jackal bites you but does no damage.
Terence hits you with a +0 mace.
The jackal bites you but does no damage.
Terence barely misses you.
You closely miss Terence.
Terence is moderately wounded.
You barely miss the jackal.
The jackal bites you but does no damage.
Terence hits you but does no damage. The jackal closely misses you.
You hit Terence but do no damage.
Terence is moderately wounded.
You barely miss the jackal. The jackal closely misses you.
Terence hits you with a +0 mace.
The jackal bites you but does no damage.
You hit Terence but do no damage.
Terence is moderately wounded.
You slash the jackal!
You kill the jackal!
Terence hits you with a +0 mace.
* * * LOW HITPOINT WARNING * * *
Terence hits you but does no damage.
You barely miss Terence.
Terence is moderately wounded.
Terence hits you with a +0 mace.
You die...

#.# ###.#
###...##
###...#..#
##........##
...........#
#.#........##
#$....@@....#
##........#.####
#.............#
##........###.#
#..#...####..#
##...### #.##
...## #.# ######
#.# #....# #.#


You could see Terence.

Vanquished Creatures
  2 endoplasms (D:1)
  A giant cockroach (D:1)
  A hobgoblin (D:1)
  A jackal (D:2)
  A quokka (D:1)
  2 bats (D:1)
  3 kobolds (D:1)
  2 rats (D:1)
13 creatures vanquished.

Notes
Turn   | Place    | Note
-------+----------+-------------------------------------------
     0 | D:1      | Dorkslayer the Gargoyle Fighter began the quest for the
                  | Orb.
     0 | D:1      | Reached XP level 1. HP: 14/14 MP: 1/1
   308 | D:1      | Reached XP level 2. HP: 17/19 MP: 2/2
   692 | D:2      | Noticed Terence
   701 | D:2      | Slain by Terence

Illustrated notes

Levels and vault maps discovered:
D:1:      evilmike_arrival_plus, layout_basic, minmay_box_of_dots
D:2:      minmay_skewed_foursquare, layout_basic,
          ebering_ecumenical_altar_abandoned, uniq_terence

Skill      XL: |  1 |
---------------+----+-----
Axes           | 2 |  2.0
Fighting       | |  3.5
Armour         | |  3.5
Shields        | |  3.5

Action                     || total
---------------------------++-------
  Melee: War axe           ||    44
 Armour: Scale mail        ||    24
  Dodge: Dodged            ||    28
  Block: Buckler           ||     9

Table legend: (Time is in decaauts)
 A = Elapsed time spent in this place.
 B = Non-inter-level travel time spent in this place.
 C = Inter-level travel time spent in this place.
 D = Time resting spent in this place.
 E = Time spent auto-exploring this place.
 F = Levels seen in this place.
 G = Mean time per level.
                   A        B        C        D        E       F      G
               +--------+--------+--------+--------+--------+-----+--------+
         Total |    720 |    720 |      0 |      0 |    281 |   2 |  360.0 |
       Dungeon |    720 |    720 |      0 |      0 |    281 |   2 |  360.0 |
               +--------+--------+--------+--------+--------+-----+--------+

Top non-repeatable levels by time:
     D:1: 659 daAuts
     D:2: 61 daAuts
